 Dungeon Crawl Stone Soup version 0.29-a0-416-g83a48905f1 (webtiles) character file.

Game seed: 6244808009955721985

17 xian the Skirmisher (level 2, -14/28 HPs)
             Began as a Naga Chaos Knight on May 16, 2022.
             Was a Plaything of Xom.
             Demolished by a snapping turtle (glowing shapeshifter) (22 damage)
             ... on level 1 of the Dungeon.
             The game lasted 00:04:36 (490 turns).

xian the Skirmisher (Naga Chaos Knight)              Turns: 490, Time: 00:04:38

Health: -14/28     AC:  4    Str: 14    XL:     2   Next: 62%
Magic:  2/2        EV:  9    Int: 12    God:    Xom [..*...]
Gold:   16         SH:  0    Dex: 10    Spells: 1/1 levels left

rFire   . . .      SeeInvis +   a - +0 spear (chaos)
rCold   . . .      Faith    .   (no shield)
rNeg    . . .      Spirit   .   b - +2 leather armour
rPois   +          Reflect  .   (no helmet)
rElec   .          Harm     .   (no cloak)
rCorr   .          Rampage  .   (no gloves)
Will    +....                   (no barding)
Stlth   +.........              (no amulet)
HPRegen 0.09/turn               g - ring of willpower
MPRegen 0.08/turn               (no ring)

@: short of breath, very slow
A: AC +0, large, see invisible, deformed body, poison resistance, slowness 2,
spit poison 1, naga tail 1
a: Spit Poison, Renounce Religion


You were on level 1 of the Dungeon.
You worshipped Xom.
You were a toy of Xom.
You visited 1 branch of the dungeon, and saw 1 of its levels.

You collected 16 gold pieces.

Inventory:

Hand Weapons
 a - a +0 spear of chaos (weapon)
Armour
 b - a +2 leather armour (worn)
Jewellery
 g - a ring of willpower (left hand)
Scrolls
 d - a scroll of vulnerability {unknown}
 e - a scroll of identify {unknown}
 f - a scroll of brand weapon {unknown}
Miscellaneous
 c - a piece from Xom's chessboard (14/15)


   Skills:
 + Level 3.2 Fighting
 + Level 3.1 Polearms
 + Level 1.7 Armour
 + Level 0.8 Dodging
 + Level 1.4 Stealth
 + Level 0.4 Evocations


You had one spell level left.
You didn't know any spells.
Your spell library was empty.

Dungeon Overview and Level Annotations

Branches:
Dungeon (1/15)

Altars:


Innate Abilities, Weirdness & Mutations

Your serpentine skin is tough. (AC +0)
You have supernaturally acute eyesight. (SInv)
Armour fits poorly on your strangely shaped body.
Your system is resistant to poisons. (rPois)
You cover ground very slowly.
You can spit poison.
You have a snake-like lower body.


Message History

The jackal bites you.
Your piece from Xom's chessboard (14/15) has regained one charge.
You can't do that yet.
You closely miss the jackal. The jackal bites you.
You closely miss the jackal.
The jackal bites you but does no damage.
You closely miss the jackal.
You have got your breath back.
The jackal closely misses you. The jackal completely misses you.
Aiming: Spit Poison (2% risk of failure)
Press: ? - help, Q - select action, (/) - cycle Shift-Dir - straight line, f/p - jackal
Aim: a jackal (50% to hit)
The splash of poison misses the jackal.
The splash of poison hits the jackal!
The jackal is poisoned.
You kill the jackal!
The jackal closely misses you.
You hit the jackal but do no damage. The jackal closely misses you.
You barely miss the jackal. The jackal barely misses you. x2
You barely miss the jackal.
You have got your breath back.
The jackal bites you.
You hit the jackal.
The jackal changes into a glowing shapeshifter!
Xom thinks this is hilarious!
The glowing shapeshifter changes into a two-headed ogre!
You barely miss the two-headed ogre.
The two-headed ogre changes into a snapping turtle!
You hit the snapping turtle but do no damage.
The snapping turtle resists with almost no effort.
Aiming: Spit Poison (2% risk of failure)
Press: ? - help, Q - select action, (/) - cycle Shift-Dir - straight line, f - snapping turtle
Aim: a snapping turtle shaped shifter (86% to hit)
The splash of poison hits the snapping turtle but does no damage.
The snapping turtle bites you!
* * * LOW HITPOINT WARNING * * *
The snapping turtle attacks as you move away!
The snapping turtle bites you!!
Ouch! That really hurt!
You die...
Xom bursts into laughter!

.########## ..........+
......># ####.######
.......# #.## #......
#..######.##.....
##...†....##....
#..#####.# $†. #..# .#
#t# ∆ #####..#####.#.#@#
∆ ...........†.#.#.#
#####.#[#......#.#
..###.#.#..###.#.#
...........###^#.#
...............#.#
#.###..#..####.#.#######
#.# #..#...............#
#.# #..#..####.#.#####.#


You could see a snapping turtle shaped shifter.

Vanquished Creatures
  3 goblins (D:1)
  2 hobgoblins (D:1)
  4 jackals (D:1)
  A kobold (D:1)
  3 ball pythons (D:1)
  2 frilled lizards (D:1)
15 creatures vanquished.

Notes
Turn   | Place    | Note
-------+----------+-------------------------------------------
     0 | D:1      | xian the Naga Chaos Knight began the quest for the Orb.
     0 | D:1      | Reached XP level 1. HP: 21/21 MP: 1/1
    48 | D:1      | XOM: silly message
   139 | D:1      | Reached XP level 2. HP: 28/28 MP: 2/2
   259 | D:1      | Reached skill level 1 in Stealth
   366 | D:1      | XOM: divination: detect items
   466 | D:1      | XOM: silly message
   486 | D:1      | Noticed a glowing shapeshifter
   486 | D:1      | a jackal changed into a glowing shapeshifter
   486 | D:1      | Noticed a two-headed ogre
   486 | D:1      | a glowing shapeshifter changed into a two-headed ogre
   487 | D:1      | Noticed a snapping turtle
   487 | D:1      | a two-headed ogre changed into a snapping turtle
   490 | D:1      | Demolished by a snapping turtle (glowing shapeshifter)

Illustrated notes

Levels and vault maps discovered:
D:1:      psy_arrival_whirlpool, layout_basic

Skill      XL: |  1  2 |
---------------+-------+-----
Stealth        | 1 |  1.4
Fighting       | |  3.2
Polearms       | |  3.1
Armour         | |  1.7
Dodging        | |  0.8
Evocations     | |  0.4

Action                   || total
-------------------------++-------
Melee: Spear             ||    28
 Abil: Spit Poison       ||    14
Evoke: Piece from Xom's  ||     2
 Stab: Paralysed         ||     2
Armor: Leather armour    ||     6
Dodge: Dodged            ||    15

Table legend: (Time is in decaauts)
 A = Elapsed time spent in this place.
 B = Non-inter-level travel time spent in this place.
 C = Inter-level travel time spent in this place.
 D = Time resting spent in this place.
 E = Time spent auto-exploring this place.
 F = Levels seen in this place.
 G = Mean time per level.
                   A        B        C        D        E       F      G
               +--------+--------+--------+--------+--------+-----+--------+
         Total |    613 |    613 |      0 |      0 |    413 |   1 |  613.0 |
       Dungeon |    613 |    613 |      0 |      0 |    413 |   1 |  613.0 |
               +--------+--------+--------+--------+--------+-----+--------+

Top non-repeatable levels by time:
     D:1: 613 daAuts
